 Dungeon Crawl Stone Soup version 0.29.1-2-gbd0b4ee654 (webtiles) character file.

Game seed: 8008675306165860011

200 Ivernyr the Grasshopper (level 5, -1/49 HPs)
             Began as a Naga Warper on Oct 29, 2022.
             Slain by an ice beast (11 damage)
             ... on level 5 of the Dungeon.
             The game lasted 00:05:54 (2791 turns).

Ivernyr the Grasshopper (Naga Warper)               Turns: 2791, Time: 00:05:54

Health: -1/49      AC:  3    Str: 14    XL:     5   Next: 78%
Magic:  9/9        EV:  9    Int: 15    God:
Gold:   107        SH:  0    Dex: 10    Spells: 1/9 levels left

rFire   . . .      SeeInvis +   a - +0 mace
rCold   . . .      Faith    .   (no shield)
rNeg    . . .      Spirit   .   b - +0 leather armour
rPois   +          Reflect  .   (no helmet)
rElec   .          Harm     .   (no cloak)
rCorr   .          Rampage  .   (no gloves)
Will    .....                   (no barding)
Stlth   +.........              (no amulet)
HPRegen 0.16/turn               (no ring)
MPRegen 0.11/turn               (no ring)

@: short of breath, very slow
A: AC +1, large, see invisible, deformed body, poison resistance, slowness 2,
spit poison 1, naga tail 1
a: Spit Poison


You were on level 5 of the Dungeon.
You visited 1 branch of the dungeon, and saw 5 of its levels.

You collected 107 gold pieces.

Inventory:

Hand Weapons
 a - a +0 mace (weapon)
Missiles
 d - 5 boomerangs of dispersal (quivered)
Armour
 b - a +0 leather armour (worn)
Jewellery
 f - a ring of resist corrosion
Wands
 l - a wand of iceblast (4)
Scrolls
 c - a scroll of blinking
 g - 4 scrolls of identify {unknown}
 j - a scroll of enchant armour {unknown}
 k - a scroll of vulnerability {unknown}
 n - a scroll of teleportation {unknown}
Potions
 e - 5 potions of curing {unknown}
 h - 2 potions of haste {unknown}
 i - a potion of heal wounds {unknown}
 m - a potion of degeneration {unknown}


   Skills:
 + Level 3.1 Fighting
 - Level 2.0 Maces & Flails
 - Level 0.8 Throwing
 + Level 2.0 Armour
 - Level 1.5 Dodging
 + Level 2.9 Spellcasting
 * Level 4.5 Translocations


You had one spell level left.
You knew the following spells:

 Your Spells              Type           Power      Damage    Failure   Level
a - Blink                 Tloc           30%        N/A       6%          2
b - Gell's Gravitas       Tloc           15%        N/A       12%         3
c - Lesser Beckoning      Tloc           15%        N/A       12%         3

Your spell library contained the following spells:

 Spells                   Type           Power      Damage    Failure   Level
 Sandblast                Erth           4%         2d4       26%         1
 Summon Small Mammal      Summ           8%         N/A       26%         1
 Teleport Other           Tloc           15%        N/A       12%         3
 Passwall                 Tmut/Erth      1%         N/A       36%         2
 Call Canine Familiar     Summ           2%         N/A       58%         3
 Stone Arrow              Conj/Erth      4%         3d7       58%         3
 Summon Guardian Golem    Hex/Summ       2%         N/A       58%         3
 Manifold Assault         Tloc           15%        N/A       71%         5


Dungeon Overview and Level Annotations

Branches:
Dungeon (5/15)
 Temple: D:4-7

Altars:

Annotations:
D:5 1 runed translucent door, itabs500's ghost, novice OgGl


Innate Abilities, Weirdness & Mutations

Your serpentine skin is tough. (AC +1)
You have supernaturally acute eyesight. (SInv)
Armour fits poorly on your strangely shaped body.
Your system is resistant to poisons. (rPois)
You cover ground very slowly.
You can spit poison.
You have a snake-like lower body.


Message History

n - a scroll labelled QADAM AKHLEKAH You see here 2 stones.
You see here 8 gold pieces.
An ice beast is nearby!
You now have 107 gold pieces (gained 8).
Aiming: Spit Poison (1% risk of failure)
Press: ? - help, Shift-Dir - straight line, f - ice beast
Aim: an ice beast (59% to hit)
The splash of poison hits the ice beast but does no damage.
You have got your breath back.
The ice beast barely misses you.
Aiming: Spit Poison (1% risk of failure)
Press: ? - help, Shift-Dir - straight line, f/p - ice beast
Aim: an ice beast (59% to hit)
The splash of poison misses the ice beast.
The ice beast barely misses you.
You hit the ice beast.
The ice beast is lightly wounded.
The ice beast hits you. The ice beast freezes you!
The ice beast completely misses you.
You hit the ice beast.
The ice beast is moderately wounded.
The ice beast hits you. The ice beast freezes you!
Okay, then.
You barely miss the ice beast.
The ice beast is moderately wounded.
You have got your breath back.
The ice beast closely misses you.
Aiming: Spit Poison (1% risk of failure)
Press: ? - help, Shift-Dir - straight line, f/p - ice beast
Aim: an ice beast (moderately wounded, 59% to hit)
The splash of poison misses the ice beast.
The ice beast hits you. The ice beast freezes you!
* * * LOW HITPOINT WARNING * * *
You hit the ice beast.
The ice beast is moderately wounded.
The ice beast hits you.
* * * LOW HITPOINT WARNING * * *
The ice beast freezes you!
You die...

.
#........##..#
#..###........#
#..# ###.(...##
..# #.....# ..
##...## #...#
##.## #Y# #@#
###


You could see an ice beast.

Vanquished Creatures
  2 scorpions (D:5)
  5 adders
  A worm (D:2)
  A dart slug (D:1)
  2 ball pythons
  5 bats
  2 endoplasms
  A giant cockroach (D:3)
  5 goblins
  A hobgoblin (D:2)
  2 jackals (D:1)
  3 frilled lizards
  3 kobolds
  5 rats
38 creatures vanquished.

Notes
Turn   | Place    | Note
-------+----------+-------------------------------------------
     0 | D:1      | Ivernyr the Naga Warper began the quest for the Orb.
     0 | D:1      | Reached XP level 1. HP: 19/19 MP: 3/3
   150 | D:1      | Reached skill level 1 in Armour
   150 | D:1      | Reached XP level 2. HP: 26/26 MP: 5/5
   153 | D:1      | Learned a level 2 spell: Blink
   643 | D:1      | Found a faded altar of an unknown god.
   912 | D:2      | Reached XP level 3. HP: 8/33 MP: 6/6
  2007 | D:3      | Reached XP level 4. HP: 9/40 MP: 4/7
  2334 | D:3      | You fall into a shaft and drop 2 floors!
  2334 | D:5      | Entered Level 5 of the Dungeon
  2338 | D:4      | Noticed a necrophage
  2352 | D:5      | Noticed a scorpion
  2362 | D:5      | Killed a scorpion
  2363 | D:5      | Reached skill level 4 in Translocations
  2363 | D:5      | Reached XP level 5. HP: 29/48 MP: 7/9
  2626 | D:5      | Learned a level 3 spell: Gell's Gravitas
  2630 | D:5      | Learned a level 3 spell: Lesser Beckoning
  2693 | D:5      | Found a runed translucent door.
  2697 | D:5      | Noticed itabs500's ghost (novice OgGl)
  2749 | D:5      | Noticed an ice beast
  2791 | D:5      | Slain by an ice beast

Illustrated notes

Levels and vault maps discovered:
D:1:      eino_arrival_cavern_b, layout_loops_ring,
          dreamdust_ecumenical_altar_grove
D:2:      layout_basic, kennysheep_generic_room_13
D:3:      layout_rooms, gup_sewer_entry_spiral
D:4:      layout_basic, uniq_crazy_yiuf_cottage, uniq_sigmund, uniq_robin
D:5:      gammafunk_steamed_eel, layout_layer_cave, ebering_ghost_sewer_f,
          uniq_blork_the_orc

Skill      XL: |  1  2  3  4  5 |
---------------+----------------+-----
Armour         | 1 2 |  2.0
Translocations | 4 |  4.5
Fighting       | 3 |  3.1
Maces & Flails | |  2.0
Throwing       | |  0.8
Dodging        | |  1.5
Spellcasting   | |  2.9

Action                   |  1- 3 |  4- 6 || total
-------------------------+-------+-------++-------
Melee: Mace              |    62 |    26 ||    88
Throw: Boomerang         |     1 |     1 ||     2
 Cast: Blink             |     1 |       ||     1
 Abil: Spit Poison       |    29 |    12 ||    41
Armor: Leather armour    |    19 |     3 ||    22
Dodge: Dodged            |    43 |    19 ||    62
